Map: Scythe of Amon

Players

LilArrin

  • Race: Terran Terran
  • Spawn Location: 5:00

LilArrin

  • Race: Protoss Protoss
  • Spawn Location: 5:00

VOD

Have the link to the VOD?

Description

Time

  • Played on: April 18, 2018, 3:44 a.m.
  • Length: 11:13
Show
View Real Time Build Order
Export as new Build Order

LilArrin Terran 

Build Orders:  

Get SALT Encoding   

  12  0:03  SCV  
  13  0:20  SCV  
  14  0:32  Supply Depot  
  14  0:37  SCV  
  15  0:53  SCV  
  16  1:10  SCV  
  17  1:25  Command Center  
  17  1:29  SCV  
  18  1:46  SCV  
  19  1:50  Barracks  
  19  1:58  Refinery  
  19  2:03  SCV  
  20  2:23  Orbital Command  
  20  2:41  Engineering Bay  
  20  2:48  Barracks  
  20  2:59  SCV  
  21  3:02  Combat Shields  
  21  3:06  Orbital Command  
  21  3:11  Barracks Tech Lab  
  21  3:16  SCV  
  21  3:18  Terran Infantry Weapons Level 1  
  22  3:29  Barracks  
  22  3:32  Barracks Reactor  
  22  3:41  SCV  
  23  3:54  Marine  
  23  3:56  Supply Depot  
  24  4:05  Marine  
  24  4:08  Marine  
  25  4:15  Marine  
  25  4:17  Supply Depot  
  25  4:18  Supply Depot  
  25  4:19  Marine  
  27  4:25  Marine  
  27  4:28  Marine  
  27  4:29  Marine  
  29  4:35  Medic  
  33  4:42  Marine x3  
  33  4:45  Medic  
  38  4:52  Marine x3  
  38  4:55  Marine  
  42  5:07  Marine x4  
  42  5:17  Marine x3  
  46  5:20  Marine  
  46  5:27  Marine x2  
  46  5:28  Marine  
  50  5:30  Medic  
  50  5:37  Marine  
  50  5:38  Marine x2  
  55  5:41  Marine  
  56  5:58  Marine x2, Terran Infantry Armor Level 1  
  51  6:03  Medic, Marine  
  51  6:08  Marine x2  
  56  6:13  Marine x2  
  56  6:16  Stabilizer Medpacks  
  56  6:17  Supply Depot  
  56  6:18  Marine x2  
  60  6:23  Marine  
  63  6:31  Marine x2  
  63  6:36  Marine  
  66  6:42  Medic  
  66  6:47  Marine x2  
  62  6:51  Marine  
  62  6:52  Marine  
  62  6:57  Marine  
  63  7:04  Marine  
  63  7:05  Marine  
  63  7:08  Medic  
  66  7:11  Marine  
  66  7:18  Marine  
  69  7:26  Marine  
  69  7:27  Marine  
  69  7:29  Marine  
  69  7:34  Marine  
  70  7:44  Medic  
  70  7:47  Marine x2  
  70  7:49  Marine  
  70  8:03  Marine  
  70  8:07  Marine x2  
  67  8:12  Marine  
  67  8:13  Marine  
  67  8:17  Marine  
  70  8:39  Medic, Marine x3, Supply Depot  
  70  8:49  Medic, Marine  
  75  8:50  Marine  
  78  9:07  Medic, Marine x3  
  78  9:18  Marine x4  
  74  9:28  Medic, Marine x3  
  70  9:38  Marine x4  
  73  9:48  Marine  
  77  9:57  Marine  
  78  10:03  Marine x3, Supply Depot  
  78  10:07  Marine  
  81  10:14  Marine  
  81  10:16  Marine x2  
  81  10:17  Medic  
  83  10:24  Marine  
  83  10:26  Marine x2  
  83  10:27  Marine  
  78  10:34  Marine  
  78  10:36  Marine x2  
  78  10:38  Marine  
  77  10:44  Marine  
Show
View Real Time Build Order
Export as new Build Order

LilArrin Protoss 

Build Orders:  

Get SALT Encoding   

  12  1:02  Pylon  
  12  1:03  Pylon  
  12  1:06  Pylon  
  12  1:08  Pylon  
  12  1:10  Pylon  
Tags
 
Commander
FenixRaynor
Matchup
Co-op
Replay Pack
Co-op Speedrun
Add a new tag
Caveats
  • Supply blocks, unpowered buildings, or Contaminate may cause inaccurate times.
  • Supply counts are checked every 10 seconds.